Map: Alcyone LE

Players

A.I. 1 (Elite) - Winner!

  • Race: Terran Terran
  • Spawn Location: 7:00

Hupsaiya

  • Race: Protoss Protoss
  • League: Grandmaster
  • Spawn Location: 1:00

VOD

Have the link to the VOD?

Description

Time

  • Played on: Dec. 13, 2023, 8:33 p.m.
  • Length: 7:25
Show
View Real Time Build Order
Export as new Build Order

A.I. 1 (Elite) Terran - Winner!

Build Orders: 2 Factory, Mech 

Get SALT Encoding   

  12  0:00  SCV  
  13  0:13  SCV  
  14  0:18  Supply Depot  
  14  0:25  SCV  
  15  0:40  SCV  
  15  0:41  Barracks  
  16  0:52  SCV  
  17  1:04  SCV  
  18  1:16  SCV  
  19  1:19  Command Center  
  19  1:29  Marine  
  20  1:34  Orbital Command  
  20  1:40  Refinery  
  20  1:47  Marine  
  20  1:51  Supply Depot  
  21  1:59  SCV  
  22  2:03  Refinery  
  22  2:05  Marine  
  23  2:13  SCV  
  24  2:22  Marine  
  24  2:25  SCV  
  26  2:31  SCV  
  27  2:40  Marine  
  27  2:41  Factory  
  27  2:43  SCV  
  27  2:44  Orbital Command  
  29  2:57  Factory, SCV  
  29  2:58  Marine  
  31  3:09  SCV x2  
  33  3:14  Supply Depot  
  33  3:16  Marine  
  34  3:21  SCV x2  
  34  3:24  Factory Tech Lab  
  36  3:33  SCV  
  36  3:34  SCV  
  38  3:41  Factory Tech Lab  
  38  3:45  SCV  
  38  3:46  Siege Tank, SCV  
  43  3:50  Supply Depot  
  43  3:58  SCV x2  
  43  3:59  Siege Tank  
  48  4:06  Marine, Supply Depot  
  49  4:10  SCV x2  
  51  4:17  Supply Depot  
  51  4:19  Siege Tank  
  51  4:22  SCV x2  
  56  4:31  Supply Depot  
  56  4:34  SCV x2  
  56  4:35  Marine  
  59  4:42  Siege Tank  
  62  4:46  SCV x2  
  62  4:48  Supply Depot  
  64  4:53  Marine  
  64  4:55  Barracks  
  64  4:58  SCV x2  
  67  5:01  Hellion, Armory  
  67  5:03  Refinery  
  67  5:06  Refinery  
  69  5:10  SCV  
  69  5:12  Barracks Tech Lab  
  70  5:14  Hellion  
  70  5:18  Command Center  
  70  5:21  SCV  
  72  5:22  Hellion  
  72  5:25  SCV  
  75  5:33  SCV  
  75  5:34  Starport  
  76  5:36  Hellion  
  76  5:37  SCV  
  79  5:45  SCV  
  79  5:46  Marauder  
  79  5:47  Supply Depot  
  79  5:49  SCV  
  83  5:57  SCV  
  84  6:07  Marauder  
  84  6:10  Starport Tech Lab, Engineering Bay  
  84  6:11  Supply Depot  
  86  6:13  Engineering Bay  
  86  6:24  Hellion  
  88  6:27  Hellion  
  88  6:28  Marauder  
  88  6:30  Raven, SCV  
  88  6:31  SCV x2  
  97  6:38  Refinery  
  97  6:41  Refinery  
  97  6:42  SCV  
  97  6:43  SCV  
  97  6:44  SCV  
  97  6:46  Armory  
  100  6:50  Marauder  
  102  6:54  SCV  
  102  6:55  SCV  
  102  6:56  Missile Turret  
  102  6:57  SCV  
  102  7:00  Factory  
  105  7:03  Supply Depot  
  105  7:05  Missile Turret  
  105  7:06  SCV  
  105  7:08  SCV  
  110  7:09  SCV  
  113  7:20  Missile Turret  
  119  7:24  Missile Turret  
Show
View Real Time Build Order
Export as new Build Order

Hupsaiya Protoss 

Build Orders: 1 Gate Expand, Blink Stalkers 

Get SALT Encoding   

  12  0:00  Probe  
  13  0:12  Probe  
  14  0:17  Pylon  
  14  0:26  Probe  
  15  0:36  Gateway  
  15  0:39  Probe (Chrono Boost)  
  16  0:43  Assimilator  
  16  0:48  Probe (Chrono Boost)  
  17  0:54  Probe  
  18  1:06  Probe  
  20  1:18  Probe  
  20  1:23  Cybernetics Core  
  20  1:36  Nexus  
  20  1:38  Pylon  
  20  1:41  Probe  
  21  1:47  Assimilator  
  21  1:53  Probe  
  22  1:57  Adept (Chrono Boost)  
  22  2:00  Warp Gate  
  24  2:05  Probe  
  25  2:17  Probe  
  25  2:20  Adept  
  25  2:21  Twilight Council  
  28  2:45  Probe  
  28  2:49  Blink (Chrono Boost)  
  28  2:50  Probe  
  30  2:57  Probe  
  31  3:00  Gateway  
  31  3:02  Probe  
  31  3:03  Gateway  
  32  3:09  Probe  
  33  3:14  Probe  
  34  3:20  Robotics Facility  
  34  3:21  Probe  
  35  3:27  Probe  
  36  3:35  Probe  
  36  3:36  Pylon  
  37  3:42  Probe  
  37  3:47  Probe  
  39  3:50  Stalker  
  39  3:54  Probe  
  42  3:56  Stalker  
  42  3:58  Stalker  
  42  3:59  Probe  
  42  4:00  Pylon  
  47  4:03  Pylon  
  47  4:07  Probe  
  47  4:09  Observer  
  49  4:11  Probe  
  50  4:17  Stalker  
  50  4:22  Stalker x2  
  50  4:23  Probe  
  58  4:25  Probe  
  58  4:33  Observer  
  58  4:36  Probe  
  58  4:37  Nexus  
  60  4:44  Charge (Chrono Boost)  
  60  4:45  Probe  
  61  4:47  Stalker  
  61  4:48  Stalker  
  61  4:52  Probe, Pylon  
  66  4:59  Probe  
  67  5:00  Forge  
  67  5:05  Probe  
  68  5:11  Probe  
  69  5:15  Gateway  
  69  5:17  Gateway  
  69  5:19  Probe  
  70  5:22  Gateway  
  70  5:25  Probe  
  70  5:27  Gateway  
  70  5:28  Protoss Ground Armor Level 1 (Chrono Boost)  
  71  5:31  Probe  
  71  5:33  Gateway  
  72  5:38  Probe  
  73  5:45  Probe  
  73  5:46  Pylon  
  74  5:50  Probe  
  74  5:51  Probe  
  74  5:53  Zealot x3  
  83  5:57  Probe  
  83  6:01  Observer  
  83  6:03  Probe  
  85  6:05  Pylon  
  85  6:09  Pylon  
  85  6:13  Sentry  
  85  6:14  Zealot x4  
  85  6:16  Probe  
  96  6:28  Zealot x3  
  96  6:29  Probe x2  
  96  6:31  Pylon, Probe  
  105  6:33  Pylon  
  105  6:48  Zealot x3  
  105  6:49  Zealot x5  
  105  6:51  Probe x3  
  124  6:54  Pylon  
  124  6:55  Observer  
  124  7:03  Probe x3  
  124  7:05  Nexus  
  127  7:12  Sentry  
  127  7:13  Zealot x3  
  135  7:17  Zealot x2  
  135  7:19  Zealot  
Tags
 
Add a new tag
Caveats
  • Supply blocks, unpowered buildings, or Contaminate may cause inaccurate times.
  • Supply counts are checked every 10 seconds.